 Dungeon Crawl Stone Soup version 0.23.2-33-g5129a83184 (webtiles) character file.

Game seed: 13155557714171375060

462227 Alterion the Gnoll Aeon (level 24, -13/191 HPs)
             Began as a Gnoll Skald on July 8, 2019.
             Was the Champion of Cheibriados.
             Killed from afar by a Brimstone Fiend (51 damage)
             ... with damnation
             ... summoned by an ancient lich
             ... on level 4 of the Vaults on July 14, 2019.
             The game lasted 09:16:07 (74691 turns).

Alterion the Gnoll Aeon (Gnoll Skald)              Turns: 74691, Time: 09:16:08

Health: -13/191    AC: 24    Str: 31    XL:     24   Next: 50%
Magic:  43/43      EV: 34    Int: 38    God:    Cheibriados [******]
Gold:   805        SH: 22    Dex: 32    Spells: 4/55 levels left

rFire    . . .     SeeInvis .   q - +9 double sword (flame)
rCold    + . .     Gourm    .   O - +0 shield
rNeg     . . .     Faith    .   M - quicksilver dragon scales
rPois    .         Spirit   .   t - +2 hat {MR+}
rElec    .         Reflect  +   k - +0 cloak
rCorr    .         Harm     .   x - +2 pair of gloves {archery}
MR       +++..     Rnd*Rage +   i - +0 pair of boots
Stlth    ++++++....             v - +5 amulet of reflection
HPRegen  0.00/turn              G - ring of protection from cold
MPRegen  0.28/turn              V - +4 ring of evasion

@: very slightly contaminated, lightly drained, deflect missiles, very slow
A: distributed training, antennae 1, fangs 1, berserk 1, inhibited regeneration,
strong nose
}: 2/15 runes: barnacled, gossamer
a: Bend Time, Temporal Distortion, Slouch, Step From Time, Renounce Religion


You were on level 4 of the Vaults.
You worshipped Cheibriados.
Cheibriados was exalted by your worship.
You were not hungry.

You visited 10 branches of the dungeon, and saw 43 of its levels.
You visited the Abyss 3 times.

You collected 5220 gold pieces.
You spent 4415 gold pieces at shops.

Inventory:

Hand Weapons
 a - the +3 falchion "Grim Tooth" {flame, rF+ MR+ Int+3}
   (You took it off a centaur on level 5 of the Dungeon)

   It has been specially enchanted to burn those struck by it, causing extra
   injury to most foes and up to half again as much damage against particularly
   susceptible opponents.
   Big, fiery blades are also staple armaments of hydra-hunters.
   It affects your intelligence (+3).
   It protects you from fire.
   It affects your resistance to hostile enchantments.
 b - the +9 heavy crossbow "Sniper" {velocity, Acc+∞ SInv}
   (You bought it in a shop on level 2 of the Orcish Mines)

   Any bolt fired from it inflicts extra damage.
   It lets you see invisible.
 j - a +1 trishula of holy wrath
 q - a +9 double sword of flaming (weapon)
 S - the +0 hand crossbow "Vomutis" {freeze, rPois rF+ Dex+6}
   (You took it off a crimson imp on level 1 of the Depths)

   It causes projectiles fired from it to freeze those they strike, causing
   extra injury to most foes and up to half again as much damage against
   particularly susceptible opponents.
   They can also slow down cold-blooded creatures.
   It affects your dexterity (+6).
   It protects you from fire.
   It protects you from poison.
Missiles
 C - 7 throwing nets (quivered)
 Q - 1283 bolts
Armour
 i - a +0 pair of boots (worn)
 k - a +0 cloak (worn)
 n - the +9 plate armour of Valiance {-Cast +Blink rElec Dex+8}
   (You bought it in a shop on level 2 of the Orcish Mines)

   It affects your dexterity (+8).
   It insulates you from electricity.
   It lets you blink.
   It prevents spellcasting.
 r - a +0 large shield
 t - a +2 hat of magic resistance (worn)
 x - a +2 pair of gloves of archery (worn)
 E - the +5 robe of Courage {rElec Slay+2}
   (You found it on level 1 of the Lair of Beasts)

   It affects your accuracy and damage with ranged weapons and melee attacks
   (+2).
   It insulates you from electricity.
 L - +0 gold dragon scales
 M - quicksilver dragon scales (worn)
 O - a +0 shield (worn)
Magical Staves
 m - an uncursed staff of wizardry
Jewellery
 g - the ring of Uthratif {rCorr MP+9 Str-3 Dex+3}
   (You found it on level 2 of the Shoals)

   [ring of resist corrosion]

   It affects your strength (-3).
   It affects your dexterity (+3).
   It affects your magic capacity (+9).
 v - a +5 amulet of reflection (around neck)
 w - an uncursed ring of see invisible
 G - a ring of protection from cold (left hand)
 V - a +4 ring of evasion (right hand)
Wands
 c - a wand of flame (32)
 K - a wand of paralysis (8)
 R - a wand of polymorph (23)
 T - a wand of iceblast (16)
 Z - a wand of acid (2)
Scrolls
 e - 2 scrolls of fear
 f - a scroll of blinking
 l - 8 scrolls of amnesia
 s - 14 scrolls of identify
 y - 15 scrolls of remove curse
 A - 4 scrolls of fog
 H - a scroll of holy word
 J - 3 scrolls of enchant weapon
 N - 4 scrolls of magic mapping
 U - 8 scrolls of enchant armour
 Y - 3 scrolls of teleportation
Potions
 h - 4 potions of curing
 o - 5 potions of lignification
 p - 5 potions of cancellation
 z - 3 potions of mutation
 B - 4 potions of agility
 D - 5 potions of flight
 F - a potion of resistance
 I - a potion of magic
 X - 4 potions of brilliance
Comestibles
 d - 45 rations


   Skills:
 + Level 16.0(15.6) Fighting
 + Level 15.5(15.1) Short Blades
 + Level 16.0(15.6) Long Blades
 + Level 15.5(15.1) Axes
 + Level 15.5(15.1) Maces & Flails
 + Level 15.5(15.1) Polearms
 + Level 15.5(15.1) Staves
 + Level 15.5(15.1) Slings
 + Level 15.5(15.1) Bows
 + Level 15.5(15.1) Crossbows
 + Level 15.5(15.1) Throwing
 + Level 15.7(15.3) Armour
 + Level 16.0(15.6) Dodging
 + Level 15.5(15.1) Stealth
 + Level 15.5(15.1) Shields
 + Level 15.5(15.1) Unarmed Combat
 + Level 16.1(15.7) Spellcasting
 + Level 13.4(13.0) Conjurations
 + Level 13.4(13.0) Hexes
 + Level 14.2(13.8) Charms
 + Level 13.4(13.0) Summonings
 + Level 13.4(13.0) Necromancy
 + Level 13.4(13.0) Translocations
 + Level 13.4(13.0) Transmutations
 + Level 13.4(13.0) Fire Magic
 + Level 13.4(13.0) Ice Magic
 + Level 13.4(13.0) Air Magic
 + Level 13.4(13.0) Earth Magic
 + Level 13.4(13.0) Poison Magic
 + Level 16.7(16.3) Invocations
 + Level 15.5(15.1) Evocations


You had 4 spell levels left.
You knew the following spells:

 Your Spells              Type           Power        Failure   Level  Hunger
a - Infusion              Chrm           ####         0%          1    None
b - Shroud of Golubria    Chrm/Tloc      #######...   0%          2    None
c - Song of Slaying       Chrm           #######.     0%          2    None
d - Regeneration          Chrm/Necr      #######...   1%          3    None
e - Ozocubu's Armour      Chrm/Ice       #######.     1%          3    None
f - Summon Ice Beast      Ice/Summ       #######.     1%          4    None
g - Airstrike             Air            #######...   1%          4    None
h - Static Discharge      Conj/Air       #######.     1%          3    None
i - Freezing Cloud        Conj/Ice/Air   #######...   1%          6    None
j - Mephitic Cloud        Conj/Pois/Air  #######.     1%          3    None
k - Statue Form           Tmut/Erth      #######..    1%          6    None
l - Apportation           Tloc           ######       0%          1    None
m - Blink                 Tloc           N/A          0%          2    None
n - Deflect Missiles      Chrm/Air       #######...   1%          6    None
o - Alistair's Intoxicat  Tmut/Pois      #######.     1%          5    None

Your spell library contained the following spells:

 Spells                   Type           Power        Failure   Level  Hunger
 Animate Skeleton         Necr           N/A          0%          1    None
 Confusing Touch          Hex            ######       0%          1    None
 Flame Tongue             Conj/Fire      #####        0%          1    None
 Freeze                   Ice            ####         0%          1    None
 Magic Dart               Conj           ####         0%          1    None
 Pain                     Necr           ####         0%          1    None
 Shock                    Conj/Air       ####         0%          1    None
 Sting                    Conj/Pois      ####         0%          1    None
 Summon Butterflies       Summ           #######.     0%          1    None
 Summon Small Mammal      Summ           ####         0%          1    None
 Call Imp                 Summ           #######.     0%          2    None
 Poisonous Vapours        Pois/Air       ######       0%          2    None
 Slow                     Hex            #######.     0%          2    None
 Sublimation of Blood     Necr           #######...   0%          2    None
 Swiftness                Chrm/Air       #######.     0%          2    None
 Throw Flame              Conj/Fire      ######       0%          2    None
 Throw Frost              Conj/Ice       ######       0%          2    None
 Confuse                  Hex            #######.     1%          3    None
 Conjure Flame            Conj/Fire      #######.     1%          3    None
 Gell's Gravitas          Tloc           #######...   1%          3    None
 Ignite Poison            Fire/Tmut/Pois #######.     1%          3    None
 Inner Flame              Hex/Fire       #######.     1%          3    None
 Lesser Beckoning         Tloc           #######...   1%          3    None
 Spectral Weapon          Hex/Chrm       #######.     1%          3    None
 Teleport Other           Tloc           #######.     1%          3    None
 Tukima's Dance           Hex            #######.     1%          3    None
 Vampiric Draining        Necr           #######...   1%          3    None
 Animate Dead             Necr           N/A          1%          4    None
 Cause Fear               Hex            #######...   1%          4    None
 Leda's Liquefaction      Hex/Erth       #######...   1%          4    None
 Olgreb's Toxic Radiance  Pois           #######.     1%          4    None
 Passage of Golubria      Tloc           N/A          1%          4    None
 Petrify                  Tmut/Erth      #######.     1%          4    None
 Sticky Flame             Conj/Fire      #######.     1%          4    None
 Summon Lightning Spire   Summ/Air       #######.     1%          4    None
 Throw Icicle             Conj/Ice       #######.     1%          4    None
 Bolt of Magma            Conj/Fire/Erth #######...   1%          5    None
 Excruciating Wounds      Chrm/Necr      #######...   1%          5    None
 Fireball                 Conj/Fire      #######...   1%          5    None
 Irradiate                Conj/Tmut      #######...   1%          5    None
 Lightning Bolt           Conj/Air       #######...   1%          5    None
 Metabolic Englaciation   Hex/Ice        #######...   1%          5    None
 Silence                  Hex/Air        #######...   1%          5    None
 Venom Bolt               Conj/Pois      #######...   1%          5    None
 Yara's Violent Unravell  Hex/Tmut       #######...   1%          5    None
 Bolt of Fire             Conj/Fire      #######...   1%          6    None
 Conjure Ball Lightning   Conj/Air       #######...   1%          6    None
 Hydra Form               Tmut           #######...   1%          6    None
 Invisibility             Hex            #######.     1%          6    None
 Iron Shot                Conj/Erth      #######...   1%          6    None
 Ring of Flames           Chrm/Fire      #######...   4%          7    ###....
 Dragon Form              Tmut           #######...   6%          7    ###....
 Dragon's Call            Summ           #######...   100%        9    ######.
 Shatter                  Erth           #######...   100%        9    ######.
 Tornado                  Air            #######...   100%        9    ######.


Dungeon Overview and Level Annotations

Branches:
Dungeon (15/15)            Temple (1/1) D:6            Lair (6/6) D:9
 Shoals (4/4) Lair:3       Spider (4/4) Lair:4        Slime (1/5) Lair:5
    Orc (2/2) D:11            Elf (1/3) Orc:2        Vaults (5/5) D:14
  Crypt (0/3) Vaults:2     Depths (4/5) D:15

Altars:
Ashenzari
Cheibriados
Dithmenos
Elyvilon
Fedhas
Gozag
Hepliaklqana
Kikubaaqudgha
Makhleb
Nemelex Xobeh
Okawaru
Ru
Sif Muna
Trog
Uskayaw
Vehumet
Wu Jian
Xom
Yredelemnul
Zin
The Shining One

Shops:
D:4 =   D:5 ?   D:8 [   D:9 }   Orc:2 ([*}   Shoals:3 ?(   Vaults:1 *
Vaults:2 (   Vaults:3 *   Depths:1 [*   Depths:3 *

Portals:
Hell: Depths:1 Depths:2 Depths:3
Abyss: Depths:4
Pandemonium: Depths:3
Ziggurat: Depths:1

Annotations:
D:5 Menkaure
D:7 exclusion: downstairs
Depths:1 1 runed translucent door, exclusion: door


Innate Abilities, Weirdness & Mutations

Your experience applies equally to all skills.
You have very sharp teeth.
Your uncanny sense of smell can sniff out nearby items.
You have a pair of small antennae on your head.
You tend to lose your temper in combat.
You do not regenerate when monsters are visible.


Message History

You slash something! You burn something. You bite something.
Something touches you!
* * * LOW HITPOINT WARNING * * *
You feel drained.
* * * LOW HITPOINT WARNING * * *
The Brimstone Fiend misses you.
You block the Brimstone Fiend's attack. x2
You completely miss something.
Unknown command.
Press: ? - help, v - describe, . - travel
Here: a Brimstone Fiend (moderately wounded, summoned)
The floor.
Okay, then.
Okay, then.
Blink to where?
Press: ? - help, Dir - move target cursor You are very lightly contaminated with residual magic.
As you read the scroll of blinking, it crumbles to dust.
The Brimstone Fiend gestures at you.
The sphere of damnation explodes!
The damnation engulfs you!!!
You die...

##'####........# #..>...# #...
......#..#.{#..# #......# #...
......#....1...# ###+##'## #...
......#........# ##.....## #...
......#..#..#..# #...#...# #...
......'........#####.###.#####...
......#..#.....##.#...#...#.##...
......#..#....)'.............'...
......#..#....)#@.#...#...#..#...
......#........[.###.###.###.####
......##########..#[[.#[)[#..#
####''###### #..[.<..[>[...#
.....[.....# ##.#...#)[[#.##
.....#.....# ####.###.####
.<...#.....# #...#...#
...#####...# ##..[..## ...# #...#
###'#######


You could see a Brimstone Fiend.

Vanquished Creatures
  An ancient lich (Vaults:4)
  Mennas (Vaults:3)
  Margery (Depths:2)
  A greater mummy (Depths:3)
  Saint Roka (Orc:2)
  Xtahua (Vaults:3)
  2 golden dragons (Vaults:4)
  A bone dragon (Abyss:3)
  Nikola (Depths:1)
  A tentacled monstrosity (Depths:2)
  3 liches
  Rupert (Lair:4)
  A quicksilver dragon (shapeshifter) (Depths:2)
  A quicksilver dragon (Vaults:4)
  A kraken (Shoals:2)
  7 sphinxes
  3 tentacled starspawn
  Gastronok (D:8)
  The ghost of t4s4d4r the Basher, an adept MiSk of Makhleb (Shoals:2)
  4 shadow dragons (Vaults:4)
  Kirke (Spider:4)
  3 tengu reavers
  2 storm dragons (Vaults:4)
  Roxanne (Shoals:1)
  6 fire giants
  2 deep elf sorcerers
  3 ghost moths (Spider:4)
  Louise (Shoals:1)
  An orc warlord (Orc:2)
  2 balrugs (Abyss:4)
  10 frost giants
  3 emperor scorpions
  12 vault wardens
  Aizul (Depths:3)
  A deep elf elementalist (Vaults:4)
  A ghoul (Vaults:2)
  2 war gargoyles
  32 very ugly things
  11 ironheart preservers
  A vampire knight (Depths:4)
  15 stone giants
  3 entropy weavers
  2 deep elf demonologists
  4 spark wasps
  3 merfolk javelineers
  8 ettins
  An eidolon (Vaults:2)
  3 mummy priests (Depths:3)
  2 deep elf death magi
  Josephine (Lair:5)
  11 merfolk impalers
  A quicksilver dragon zombie (Abyss:3)
  6 rakshasas
  12 great orbs of eyes
  6 fire dragons
  2 deep elf high priests (Depths:4)
  16 yaktaur captains
  26 vault guards
  4 ice dragons
  4 spriggan air magi
  A hell beast (Depths:1)
  Erica (D:8)
  A catoblepas (D:13)
  3 merfolk avatars
  4 hydras
  11 centaur warriors
  4 alligator snapping turtles
  6 deep troll shamans
  A satyr (Shoals:3)
  3 thrashing horrors
  3 death knights
  2 dancing weapons
  13 ogre magi
  30 two-headed ogres
  4 merfolk aquamancers
  10 death yaks
  4 hell hogs (Abyss:3)
  A vampire mage (Depths:4)
  3 orc high priests
  10 deep troll earth magi
  Urug (Lair:5)
  6 deep elf knights
  4 sun demons
  A wretched star (Abyss:4)
  A soul eater (Depths:1)
  5 skeletal warriors (D:13)
  2 spriggans (Depths:1)
  2 shadow wraiths
  6 hell knights (Depths:3)
  An iron troll (Depths:3)
  10 sea snakes
  2 salamander mystics
  A deep troll (shapeshifter) (Vaults:3)
  2 glowing orange brains
  A swamp dragon (Abyss:4)
  25 deep trolls
  3 unseen horrors
  2 flayed ghosts
  12 wizards
  2 obsidian statues
  8 phantasmal warriors
  6 necromancers
  A tengu zombie (Vaults:4)
  7 deep elf archers
  37 harpies
  A lindwurm (Lair:6)
  10 orc knights
  8 orb spiders
  40 deep elf magi
  36 ugly things
  22 wolf spiders
  17 ironbrand convokers
  4 orc sorcerers
  15 cyclopes
  10 fauns
  An oklob plant (Lair:6)
  7 manticores
  5 slime creatures
  6 salamanders
  A faun (shapeshifter) (Vaults:4)
  3 black mambas
  2 rust devils (D:13)
  A fire giant skeleton (Vaults:2)
  6 merfolk sirens
  5 elephants (Lair:6)
  A worldbinder (Abyss:4)
  8 water nymphs
  A salamander (shapeshifter) (Vaults:2)
  A black mamba (shapeshifter) (Vaults:3)
  2 frost giant skeletons (Vaults:4)
  A guardian serpent (Abyss:4)
  A guardian serpent (shapeshifter) (Vaults:2)
  A water nymph (shapeshifter) (Depths:2)
  A smoke demon (Abyss:4)
  A molten gargoyle (Lair:6)
  2 torpor snails
  15 vault sentinels
  2 gargoyles
  3 orange demons
  A naga mage (D:15)
  10 spiny frogs
  2 rime drakes
  41 yaktaurs
  A kobold demonologist (D:15)
  10 freezing wraiths
  A yaktaur (shapeshifter) (Depths:2)
  12 demonic crawlers
  4 ice devils
  2 efreet (D:13)
  9 komodo dragons
  6 human skeletons
  4 guardian mummies (Depths:3)
  A rime drake (shapeshifter) (Vaults:3)
  2 red devils
  A tengu conjurer (D:13)
  23 jumping spiders
  6 wind drakes
  A meliai (shapeshifter) (Vaults:2)
  26 merfolk
  13 trolls
  A polar bear (shapeshifter) (Vaults:2)
  A queen bee (D:9)
  9 hornets
  2 polar bears
  6 raiju
  A blink frog (shapeshifter) (Depths:3)
  A raiju (shapeshifter) (Vaults:2)
  6 dream sheep
  A meliai zombie (D:15)
  13 blink frogs
  14 snapping turtles
  An ettin skeleton (Vaults:5)
  5 hippogriffs
  2 small abominations (Abyss:4)
  61 redbacks
  A centaur simulacrum (D:14)
  24 yaks
  2 shadows
  A vampire (D:14)
  A hog (Spider:3)
  18 humans (D:14)
  5 basilisks
  A ynoxinul (Abyss:4)
  2 fire elementals
  9 water elementals
  8 wraiths
  14 tarantellas
  7 wyverns
  A golden eye (shapeshifter) (Vaults:4)
  2 chaos spawn
  2 neqoxecs
  5 vampire mosquitoes
  5 human simulacra
  2 yaktaur simulacra (Vaults:4)
  A steam dragon (Lair:6)
  6 wargs
  Duvessa (D:7)
  11 water moccasins
  A porcupine (Lair:2)
  8 soldier ants (Spider:3)
  4 acid dragons
  32 orc warriors
  5 hell hounds
  A hornet zombie (D:8)
  An eye of draining (D:9)
  9 large abominations
  11 sky beasts
  A sky beast (shapeshifter) (Depths:2)
  10 ice beasts
  An ettin simulacrum (Vaults:5)
  A black bear (D:10)
  A necrophage (D:8)
  26 ogres
  4 phantoms
  8 wolves (Lair:6)
  11 centaurs
  7 crocodiles
  A big kobold (D:13)
  10 bullfrogs
  Dowan (D:7)
  A wyvern zombie (D:8)
  A water moccasin zombie (D:8)
  2 scorpions
  33 killer bees
  2 wights (D:8)
  4 howler monkeys
  10 crimson imps
  3 lava snakes (Lair:6)
  3 electric eels
  2 bullfrog zombies (D:8)
  5 hounds
  17 jellies
  17 orc priests
  3 iron imps (Depths:1)
  Jessica (D:2)
  2 bullfrog skeletons
  3 centaur skeletons
  4 iguanas
  4 lightning spires (Depths:1)
  24 worker ants
  15 orc wizards
  A killer bee zombie (D:6)
  2 mummies
  8 adders
  6 shadow imps
  5 white imps
  2 oozes
  2 worms
  2 dart slugs (D:1)
  9 leopard geckos
  71 orcs
  A ball python (D:1)
  9 bats
  A bat zombie (D:2)
  4 giant cockroaches
  6 goblins
  6 hobgoblins
  10 jackals
  7 quokkas
  7 frilled lizards
  A jackal zombie (D:5)
  11 kobolds
  A leopard gecko skeleton (D:5)
  A quokka skeleton (D:6)
  5 rats
  2 rat zombies (D:2)
  A bush (Lair:6)
  3 fungi (Orc:2)
  A starspawn tentacle (Abyss:4)
  3 tentacles (Shoals:2)
1690 creatures vanquished.

Vanquished Creatures (collateral kills)
  2 emperor scorpions
  3 entropy weavers (Spider:3)
  A very ugly thing (Abyss:4)
  2 spark wasps (Spider:4)
  A fire dragon (Depths:1)
  A dancing weapon (Vaults:5)
  5 hydras
  An orc high priest (Orc:2)
  A queen ant (Spider:3)
  A deep troll (Depths:1)
  3 orb spiders
  6 wolf spiders
  A deep elf mage (Elf:1)
  A moth of wrath (Spider:4)
  An orc knight (Orc:1)
  An orc sorcerer (Orc:2)
  2 fauns (Shoals:1)
  An ice statue (Lair:3)
  5 elephants (Lair:6)
  A black mamba (Lair:6)
  A molten gargoyle (Lair:6)
  2 merfolk sirens (Shoals:1)
  4 komodo dragons
  A demonic crawler (Spider:3)
  A merfolk (Shoals:1)
  6 hornets
  2 trolls (Orc:2)
  3 jumping spiders
  25 redbacks
  A wyvern (Lair:6)
  13 yaks
  11 tarantellas
  2 hogs (Spider:4)
  3 basilisks
  A water moccasin (Lair:2)
  6 orc warriors
  3 wolves (Lair:6)
  3 ogres
  A crocodile (Lair:6)
  A bullfrog (Lair:3)
  5 electric eels
  2 lava snakes (Lair:6)
  2 orc wizards (Orc:2)
  5 worker ants (Spider:3)
  An orc (Orc:2)
145 creatures vanquished.

Vanquished Creatures (others)
  A vault warden (Vaults:5)
  A very ugly thing (Abyss:3)
  A spark wasp (Spider:3)
  A yaktaur captain (Vaults:1)
  A centaur warrior (Vaults:3)
  A satyr (Shoals:1)
  A deep troll earth mage (Depths:3)
  An ogre mage (Vaults:3)
  An unseen horror (shapeshifter) (Vaults:4)
  2 deep elf magi (Elf:1)
  A faun (Shoals:1)
  A yaktaur (Vaults:5)
  A shadow (D:13)
  A golden eye (shapeshifter) (Depths:3)
  5 humans
  3 ogres (Vaults:5)
  2 centaurs (Vaults:4)
  4 shadow imps (D:13)
  A white imp (D:13)
  An orc (Orc:2)
  A bush (Lair:5)
  32 fungi
  25 plants
  9 starspawn tentacles
  14 tentacles
112 creatures vanquished.

Grand Total: 1947 creatures vanquished

Notes
Turn   | Place    | Note
-------+----------+-------------------------------------------
     0 | D:1      | Alterion the Gnoll Skald began the quest for the Orb.
     0 | D:1      | Reached XP level 1. HP: 20/20 MP: 6/6
   171 | D:1      | Reached XP level 2. HP: 22/26 MP: 7/7
   403 | D:1      | Reached XP level 3. HP: 26/31 MP: 9/9
   518 | D:1      | Reached skill level 5 in Spellcasting
   874 | D:1      | Learned a level 2 spell: Shroud of Golubria
   877 | D:1      | Learned a level 2 spell: Song of Slaying
   881 | D:1      | Learned a level 3 spell: Regeneration
  1021 | D:2      | Reached skill level 1 in Invocations
  1097 | D:2      | Reached skill level 1 in Short Blades
  1097 | D:2      | Reached skill level 1 in Axes
  1097 | D:2      | Reached skill level 1 in Maces & Flails
  1097 | D:2      | Reached skill level 1 in Polearms
  1097 | D:2      | Reached skill level 1 in Staves
  1097 | D:2      | Reached skill level 1 in Slings
  1097 | D:2      | Reached skill level 1 in Bows
  1097 | D:2      | Reached skill level 1 in Crossbows
  1097 | D:2      | Reached skill level 1 in Throwing
  1097 | D:2      | Reached skill level 1 in Stealth
  1097 | D:2      | Reached skill level 1 in Shields
  1097 | D:2      | Reached skill level 1 in Unarmed Combat
  1097 | D:2      | Reached skill level 1 in Evocations
  1145 | D:2      | Found an ancient bone altar of Kikubaaqudgha.
  1214 | D:2      | Found a white marble altar of Elyvilon.
  1216 | D:2      | Reached XP level 4. HP: 38/38 MP: 11/11
  1447 | D:2      | Noticed Jessica
  1462 | D:2      | Killed Jessica
  1462 | D:2      | Reached skill level 1 in Conjurations
  1462 | D:2      | Reached skill level 1 in Hexes
  1462 | D:2      | Reached skill level 1 in Summonings
  1462 | D:2      | Reached skill level 1 in Necromancy
  1462 | D:2      | Reached skill level 1 in Translocations
  1462 | D:2      | Reached skill level 1 in Transmutations
  1462 | D:2      | Reached skill level 1 in Fire Magic
  1462 | D:2      | Reached skill level 1 in Ice Magic
  1462 | D:2      | Reached skill level 1 in Air Magic
  1462 | D:2      | Reached skill level 1 in Earth Magic
  1462 | D:2      | Reached skill level 1 in Poison Magic
  1673 | D:3      | Reached XP level 5. HP: 26/43 MP: 8/12
  2200 | D:3      | Reached XP level 6. HP: 50/50 MP: 13/13
  2410 | D:4      | Found a sparkling altar of Nemelex Xobeh.
  2441 | D:4      | Found a bloodstained altar of Trog.
  2662 | D:4      | Found Pokukipi's Jewellery Shop.
  2888 | D:4      | Noticed a phantom
  2923 | D:4      | Killed a phantom
  2923 | D:4      | Reached skill level 5 in Fighting
  2923 | D:4      | Reached skill level 5 in Long Blades
  2923 | D:4      | Reached skill level 5 in Dodging
  3235 | D:5      | Entered Level 5 of the Dungeon
  3309 | D:5      | Reached XP level 7. HP: 56/56 MP: 13/15
  3429 | D:5      | Noticed Menkaure
  3627 | D:5      | Identified the cursed +3 falchion "Grim Tooth" {flame, rF+
                  | MR+ Int+3}
  4025 | D:5      | Found Fuolicw's Magic Scroll Shoppe.
  4049 | D:5      | Bought a scroll of blinking for 75 gold pieces
  4049 | D:5      | Bought a scroll of remove curse for 30 gold pieces
  4237 | D:5      | Reached XP level 8. HP: 50/63 MP: 13/16
  4820 | D:6      | Found a sacrificial altar of Ru.
  4930 | D:6      | Found a staircase to the Ecumenical Temple.
  4947 | Temple   | Entered the Ecumenical Temple
  5166 | Temple   | Became a worshipper of Cheibriados the Contemplative
  5516 | D:6      | Found a shattered altar of Ashenzari.
  5804 | D:7      | Found a shadowy altar of Dithmenos.
  6020 | D:7      | Reached * piety under Cheibriados
  6254 | D:7      | Noticed Duvessa
  6254 | D:7      | Noticed Dowan
  6264 | D:7      | Killed Duvessa
  6282 | D:7      | Killed Dowan
  6282 | D:7      | Reached XP level 9. HP: 40/69 MP: 14/18
  6742 | D:8      | Reached skill level 5 in Armour
  6871 | D:8      | Reached ** piety under Cheibriados
  7012 | D:8      | Noticed Erica
  7339 | D:8      | Noticed Gastronok
  7562 | D:8      | Found Ajuc's Antique Armour Shop.
  7602 | D:8      | Reached skill level 5 in Invocations
  7658 | D:9      | Found Geskiyteh's Gadget Boutique.
  7791 | D:9      | Bought a wand of paralysis (11) for 195 gold pieces
  7805 | D:9      | Found a shattered altar of Ashenzari.
  7875 | D:9      | Noticed a troll
  7888 | D:9      | Noticed a queen bee
  8234 | D:9      | Reached XP level 10. HP: 48/77 MP: 17/20
  8626 | D:9      | Found a staircase to the Lair.
  8643 | D:9      | Reached skill level 5 in Short Blades
  8643 | D:9      | Reached skill level 5 in Axes
  8643 | D:9      | Reached skill level 5 in Maces & Flails
  8643 | D:9      | Reached skill level 5 in Polearms
  8643 | D:9      | Reached skill level 5 in Staves
  8643 | D:9      | Reached skill level 5 in Slings
  8643 | D:9      | Reached skill level 5 in Bows
  8643 | D:9      | Reached skill level 5 in Crossbows
  8643 | D:9      | Reached skill level 5 in Throwing
  8643 | D:9      | Reached skill level 5 in Stealth
  8643 | D:9      | Reached skill level 5 in Shields
  8643 | D:9      | Reached skill level 5 in Unarmed Combat
  8643 | D:9      | Reached skill level 5 in Evocations
  8895 | D:9      | Reached *** piety under Cheibriados
  9365 | D:10     | Entered Level 10 of the Dungeon
  9860 | D:10     | Found a basalt altar of Yredelemnul.
 10358 | D:10     | Killed an unseen horror
 10685 | D:11     | Reached **** piety under Cheibriados
 11188 | D:8      | Killed Gastronok
 11188 | D:8      | Reached XP level 11. HP: 71/84 MP: 14/22
 11261 | D:8      | Killed Erica
 11261 | D:8      | Reached skill level 5 in Conjurations
 11261 | D:8      | Reached skill level 5 in Hexes
 11261 | D:8      | Reached skill level 5 in Summonings
 11261 | D:8      | Reached skill level 5 in Necromancy
 11261 | D:8      | Reached skill level 5 in Translocations
 11261 | D:8      | Reached skill level 5 in Transmutations
 11261 | D:8      | Reached skill level 5 in Fire Magic
 11261 | D:8      | Reached skill level 5 in Ice Magic
 11261 | D:8      | Reached skill level 5 in Air Magic
 11261 | D:8      | Reached skill level 5 in Earth Magic
 11261 | D:8      | Reached skill level 5 in Poison Magic
 12086 | D:11     | Found a staircase to the Orcish Mines.
 12480 | Orc:1    | Entered Level 1 of the Orcish Mines
 12480 | Orc:1    | Noticed an orc high priest
 12480 | Orc:1    | Noticed an orc knight
 12503 | D:11     | Reached ***** piety under Cheibriados
 12885 | Lair:1   | Entered Level 1 of the Lair of Beasts
 12896 | Lair:1   | Got an ancient robe
 12984 | Lair:1   | Identified the +5 robe of Courage {rElec Slay+2} (You found
                  | it on level 1 of the Lair of Beasts)
 12988 | Lair:1   | Learned a level 3 spell: Ozocubu's Armour
 12993 | Lair:1   | Learned a level 4 spell: Summon Ice Beast
 13000 | Lair:1   | Learned a level 4 spell: Airstrike
 14361 | D:11     | Killed an orc knight
 14441 | D:11     | Killed an orc high priest
 14441 | D:11     | Reached XP level 12. HP: 45/93 MP: 13/24
 14800 | Orc:2    | Entered Level 2 of the Orcish Mines
 14800 | Orc:2    | Noticed an orc high priest
 14825 | Orc:1    | Learned a level 3 spell: Static Discharge
 15328 | Lair:2   | Noticed a five-headed hydra
 15353 | Lair:2   | Killed a five-headed hydra
 15641 | Lair:2   | Noticed a five-headed hydra
 15652 | Lair:2   | Killed a four-headed hydra
 15752 | Lair:2   | Got a crude hand axe
 15776 | Lair:2   | Identified the +2 hand axe "Selaoh" {protect, rF++ Str-2
                  | Dex+6} (You found it on level 2 of the Lair of Beasts)
 17020 | Lair:3   | Noticed a seven-headed hydra
 17033 | Lair:3   | Killed a seven-headed hydra
 17410 | Lair:3   | Found a staircase to the Shoals.
 18061 | Lair:4   | Reached ****** piety under Cheibriados
 18088 | Lair:4   | Noticed a death yak
 18090 | Lair:4   | Noticed a death yak
 18090 | Lair:4   | Noticed a death yak
 18092 | Lair:4   | Noticed a death yak
 18094 | Lair:4   | Noticed a death yak
 18095 | Lair:4   | Noticed a death yak
 18097 | Lair:4   | Noticed Rupert
 18620 | Shoals:1 | Entered Level 1 of the Shoals
 18714 | Shoals:1 | Noticed a satyr
 18722 | Shoals:1 | HP: 4/94 [satyr/sling bullet (33)]
 18739 | Shoals:1 | Killed a satyr
 18754 | Shoals:1 | Reached XP level 13. HP: 50/101 MP: 9/26
 19220 | D:5      | Bought a scroll of brand weapon for 200 gold pieces
 19229 | D:4      | Found a burning altar of Makhleb.
 19229 | D:4      | Found a deep blue altar of Sif Muna.
 19579 | Lair:4   | Found a hole to the Spider Nest.
 20416 | Lair:4   | Killed Rupert
 21213 | Lair:5   | Found a runed translucent door.
 21819 | Lair:5   | Noticed Urug
 21846 | Lair:5   | Killed Urug
 22055 | Lair:5   | Found a staircase to the Slime Pits.
 22227 | Lair:5   | Got a sapphire-encrusted ring mail
 22229 | Lair:5   | Identified the cursed +1 ring mail "Letsuos" {rPois Int+4
                  | SInv} (You found it on level 5 of the Lair of Beasts)
 22422 | Lair:5   | Noticed Josephine
 22434 | Lair:5   | Killed Josephine
 22930 | Lair:5   | Reached skill level 10 in Spellcasting
 22946 | Lair:5   | Got a pitted scale mail
 22963 | Lair:5   | Identified the +4 scale mail of the Orcish Mines {Str+4}
                  | (You found it on level 5 of the Lair of Beasts)
 22997 | Lair:6   | Entered Level 6 of the Lair of Beasts
 23003 | Lair:6   | Reached XP level 14. HP: 109/109 MP: 28/28
 23428 | Lair:6   | Reached skill level 10 in Fighting
 23428 | Lair:6   | Reached skill level 10 in Long Blades
 23428 | Lair:6   | Reached skill level 10 in Dodging
 24547 | Lair:6   | Found a large runed translucent door.
 24548 | Lair:6   | Found a large runed translucent door.
 24698 | Lair:6   | Got an ebony quarterstaff
 24700 | Lair:6   | Got a transparent leather armour
 24716 | Lair:6   | Identified the cursed +0 leather armour of Catatonia
                  | {Dex+3} (You found it on level 6 of the Lair of Beasts)
 24729 | Lair:6   | Identified the +7 quarterstaff of Truth {vamp, -Tele rPois
                  | rN+} (You found it on level 6 of the Lair of Beasts)
 24944 | Spider:1 | Entered Level 1 of the Spider Nest
 24951 | Spider:1 | Reached skill level 10 in Invocations
 25052 | Spider:1 | Noticed an entropy weaver
 25064 | Spider:1 | Killed an entropy weaver
 25243 | Spider:1 | Noticed an emperor scorpion
 25270 | Spider:1 | Killed an emperor scorpion
 25966 | Spider:2 | Reached XP level 15. HP: 113/117 MP: 19/29
 26198 | Spider:2 | Reached skill level 10 in Armour
 26518 | Spider:3 | Found a frozen archway.
 26542 | Spider:3 | Noticed an emperor scorpion
 26568 | Spider:3 | Killed an emperor scorpion
 28134 | Spider:3 | Reached skill level 10 in Charms
 29127 | Lair:3   | Got a polished scale mail
 29157 | Lair:4   | Identified the cursed +1 scale mail of Nuant {rN++} (You
                  | found it on level 3 of the Lair of Beasts)
 29462 | Spider:4 | Entered Level 4 of the Spider Nest
 29475 | Spider:4 | Reached skill level 10 in Short Blades
 29475 | Spider:4 | Reached skill level 10 in Axes
 29475 | Spider:4 | Reached skill level 10 in Maces & Flails
 29475 | Spider:4 | Reached skill level 10 in Polearms
 29475 | Spider:4 | Reached skill level 10 in Staves
 29475 | Spider:4 | Reached skill level 10 in Slings
 29475 | Spider:4 | Reached skill level 10 in Bows
 29475 | Spider:4 | Reached skill level 10 in Crossbows
 29475 | Spider:4 | Reached skill level 10 in Throwing
 29475 | Spider:4 | Reached skill level 10 in Stealth
 29475 | Spider:4 | Reached skill level 10 in Shields
 29475 | Spider:4 | Reached skill level 10 in Unarmed Combat
 29475 | Spider:4 | Reached skill level 10 in Evocations
 29871 | Spider:4 | Noticed Kirke
 30669 | Orc:2    | Found a staircase to the Elven Halls.
 30707 | Orc:2    | Found Esewkuer's Antique Armour Boutique.
 30726 | Orc:2    | Noticed an orc warlord
 30747 | Orc:2    | Killed an orc warlord
 30929 | Orc:2    | Found Zoplof's Antique Weapon Shoppe.
 31045 | Orc:2    | Noticed Saint Roka
 31054 | Orc:2    | Found Ublaosocs's General Store.
 31251 | Orc:2    | Learned a level 6 spell: Freezing Cloud
 31290 | Orc:2    | Bought a scroll of blinking for 120 gold pieces
 31409 | Orc:2    | Found Inosirch's Book Boutique.
 31560 | Orc:2    | Killed Saint Roka
 31560 | Orc:2    | Reached XP level 16. HP: 50/125 MP: 3/31
 32042 | Orc:2    | Found Jefyps's Gadget Boutique.
 32807 | Spider:4 | Killed Kirke
 33526 | Spider:3 | Learned a level 3 spell: Mephitic Cloud
 34284 | Orc:2    | Bought a warped plate armour for 868 gold pieces
 34295 | Orc:2    | Identified the +9 plate armour of Valiance {-Cast +Blink
                  | rElec Dex+8} (You bought it in a shop on level 2 of the
                  | Orcish Mines)
 35232 | Spider:4 | Got a gossamer rune of Zot
 36355 | Shoals:1 | Noticed Roxanne
 36579 | Shoals:1 | Killed Roxanne
 36681 | Shoals:1 | Noticed Louise
 36681 | Shoals:1 | Cast into level 3 of the Abyss (Louise)
 36681 | Abyss:3  | Found a corrupted altar of Lugonu.
 36733 | Abyss:3  | Noticed a tentacled starspawn
 36744 | Abyss:3  | Killed a tentacled starspawn
 36862 | Abyss:4  | Noticed a tentacled starspawn
 36920 | Abyss:4  | Noticed a lich
 36933 | Abyss:4  | Noticed a tentacled starspawn
 36947 | Abyss:4  | Killed a lich
 36947 | Abyss:4  | Reached XP level 17. HP: 100/133 MP: 25/33
 36955 | Abyss:4  | Killed a tentacled starspawn
 36973 | Abyss:4  | Gained mutation: You do not regenerate when monsters are
                  | visible. [a neqoxec]
 36980 | Abyss:4  | Gained mutation: You are weak. (Str -2) [a neqoxec]
 36998 | Shoals:1 | Escaped the Abyss
 37041 | Shoals:1 | Killed Louise
 37291 | Shoals:1 | Lost mutation: You are weak. (Str -2) [potion of mutation]
 37291 | Shoals:1 | Gained mutation: You tend to lose your temper in combat.
                  | [potion of mutation]
 37291 | Shoals:1 | Gained mutation: You have a pair of small antennae on your
                  | head. [potion of mutation]
 37388 | Shoals:1 | Noticed a kraken
 38798 | Shoals:2 | Found a runed translucent gate.
 38798 | Shoals:2 | Found a runed translucent gate.
 38799 | Shoals:2 | Found a runed translucent gate.
 38799 | Shoals:2 | Noticed a kraken
 38799 | Shoals:2 | Noticed t4s4d4r's ghost (adept MiSk)
 38971 | Shoals:2 | Killed t4s4d4r's ghost
 39386 | Shoals:2 | Killed a kraken
 39388 | Shoals:2 | Got a shimmering brass ring
 39432 | Shoals:2 | Noticed a kraken
 39447 | Shoals:2 | Identified the ring of Uthratif {rCorr MP+9 Str-3 Dex+3}
                  | (You found it on level 2 of the Shoals)
 41090 | Shoals:3 | Found Vyxas's Weapon Shoppe.
 41912 | Shoals:3 | Found Wynoz's Magic Scroll Shoppe.
 42397 | Shoals:4 | Entered Level 4 of the Shoals
 42406 | Shoals:4 | Identified the +1 leather armour "Sesi" {rC+ Slay+2 Stlth+}
 43025 | Shoals:4 | Reached skill level 10 in Conjurations
 43025 | Shoals:4 | Reached skill level 10 in Hexes
 43025 | Shoals:4 | Reached skill level 10 in Summonings
 43025 | Shoals:4 | Reached skill level 10 in Necromancy
 43025 | Shoals:4 | Reached skill level 10 in Translocations
 43025 | Shoals:4 | Reached skill level 10 in Transmutations
 43025 | Shoals:4 | Reached skill level 10 in Fire Magic
 43025 | Shoals:4 | Reached skill level 10 in Ice Magic
 43025 | Shoals:4 | Reached skill level 10 in Air Magic
 43025 | Shoals:4 | Reached skill level 10 in Earth Magic
 43025 | Shoals:4 | Reached skill level 10 in Poison Magic
 43189 | Shoals:4 | Reached XP level 18. HP: 42/141 MP: 25/34
 43340 | Shoals:4 | Identified the +10 ring mail "Urphal Cucale" {rPois Regen+
                  | Int-5 Dex+3}
 45242 | Shoals:4 | Got a barnacled rune of Zot
 46023 | Slime:1  | Entered Level 1 of the Pits of Slime
 46033 | Lair:5   | Learned a level 6 spell: Statue Form
 46274 | Lair:5   | Identified a scroll of acquirement
 46626 | Elf:1    | Entered Level 1 of the Elven Halls
 47100 | Elf:1    | Noticed a Brimstone Fiend
 47350 | Elf:1    | Identified the Almanac of Slavery
 47525 | Elf:1    | Cast into level 3 of the Abyss (a deep elf sorcerer)
 47610 | Abyss:3  | Noticed a profane servitor
 47708 | Abyss:3  | Noticed a bone dragon
 47743 | Abyss:3  | Killed a bone dragon
 47774 | Abyss:3  | Noticed a profane servitor
 47891 | Abyss:3  | Found a corrupted altar of Lugonu.
 47911 | Abyss:3  | Noticed a lich
 47982 | Abyss:3  | Killed a lich
 47983 | Elf:1    | Escaped the Abyss
 48628 | Elf:1    | Cast into level 3 of the Abyss (a deep elf sorcerer)
 48704 | Abyss:4  | Found a corrupted altar of Lugonu.
 49050 | Abyss:4  | Reached XP level 19. HP: 149/149 MP: 33/36
 49318 | Elf:1    | Escaped the Abyss
 52353 | D:14     | Found a gate to the Vaults.
 52423 | D:15     | Entered Level 15 of the Dungeon
 53564 | D:15     | Found a staircase to the Depths.
 53784 | Depths:1 | Entered Level 1 of the Depths
 53823 | Depths:1 | Noticed Nikola
 53842 | Depths:1 | Killed Nikola
 53912 | Depths:1 | Found a hide-covered altar of Uskayaw.
 54219 | Depths:1 | Found Bytum's Assorted Antiques.
 54219 | Depths:1 | Found Wanoom's Armour Shop.
 54427 | Depths:1 | Reached XP level 20. HP: 157/157 MP: 26/37
 54482 | Depths:1 | Learned a level 1 spell: Apportation
 54485 | Depths:1 | Learned a level 2 spell: Blink
 54492 | Depths:1 | Learned a level 6 spell: Deflect Missiles
 54615 | Depths:1 | Identified the cursed +0 hand crossbow "Vomutis" {freeze,
                  | rPois rF+ Dex+6}
 54630 | Depths:1 | Found a gateway to Hell.
 54822 | Depths:1 | Found a gateway to a ziggurat.
 54939 | Depths:1 | Found a runed translucent door.
 55651 | Depths:2 | Paralysed by a wizard for 4 turns
 56679 | Depths:2 | Identified the +3 morningstar "Rotim" {drain, Str+2 SInv}
 56715 | Depths:2 | Paralysed by a great orb of eyes for 6 turns
 57434 | Depths:2 | Paralysed by a great orb of eyes for 5 turns
 58881 | Depths:3 | Reached XP level 21. HP: 141/165 MP: 10/39
 59214 | Depths:3 | Noticed Margery
 59241 | Depths:2 | Killed Margery
 59809 | Depths:3 | Paralysed by a great orb of eyes for 2 turns
 60083 | Depths:3 | Found a one-way gate leading to the halls of Pandemonium.
 60170 | Depths:3 | Noticed Aizul
 60192 | Depths:3 | Killed Aizul
 60298 | Depths:3 | Found Besirch's General Store.
 60924 | Orc:2    | Bought the +9 heavy crossbow "Sniper" {velocity, Acc+∞
                  | SInv} for 2349 gold pieces
 60924 | Orc:2    | Found the +9 heavy crossbow "Sniper" {velocity, Acc+∞ SInv}
 61647 | Depths:3 | Noticed a greater mummy
 61653 | Depths:3 | Killed a greater mummy
 62289 | Depths:4 | Paralysed by a great orb of eyes for 6 turns
 62348 | Depths:4 | Paralysed by a great orb of eyes for 5 turns
 62450 | Depths:4 | Found a one-way gate to the infinite horrors of the Abyss.
 62494 | Depths:4 | Reached skill level 15 in Invocations
 62513 | Depths:4 | Identified Keisum's Compendium of Sinister Rites
 63099 | Depths:4 | Identified the +6 halberd "Heegalup" {venom, -Tele rElec
                  | rF++ rC+}
 63116 | Depths:4 | Noticed a juggernaut
 63118 | Depths:4 | Noticed a juggernaut
 63132 | Depths:4 | Noticed a caustic shrike
 63143 | Depths:4 | Paralysed by a great orb of eyes for 7 turns
 63724 | Shoals:3 | Bought a scroll of blinking for 120 gold pieces
 63966 | Vaults:1 | Entered Level 1 of the Vaults
 64812 | Orc:2    | Bought a glowing hat for 217 gold pieces
 65024 | Vaults:1 | Reached XP level 22. HP: 173/173 MP: 34/40
 65540 | Vaults:1 | Found Ceoditiubb's Assorted Antiques.
 66274 | Vaults:2 | Reached skill level 15 in Spellcasting
 66575 | Vaults:2 | Found Uzubyfu's Weapon Boutique.
 67163 | Vaults:2 | Reached skill level 15 in Fighting
 67163 | Vaults:2 | Reached skill level 15 in Long Blades
 67163 | Vaults:2 | Reached skill level 15 in Dodging
 67332 | Vaults:2 | Found a staircase to the Crypt.
 67948 | Vaults:3 | Noticed Xtahua
 68029 | Vaults:3 | Killed Xtahua
 68427 | Vaults:3 | Noticed Mennas
 68454 | Vaults:3 | Killed Mennas
 68733 | Vaults:3 | Reached XP level 23. HP: 181/181 MP: 36/42
 69443 | Vaults:3 | Reached skill level 15 in Armour
 69713 | Vaults:3 | Found Niunnum's General Store.
 69721 | Vaults:3 | Bought a scroll of blinking for 172 gold pieces
 69721 | Vaults:3 | Bought a scroll of teleportation for 69 gold pieces
 70809 | Vaults:4 | Reached skill level 15 in Short Blades
 70809 | Vaults:4 | Reached skill level 15 in Axes
 70809 | Vaults:4 | Reached skill level 15 in Maces & Flails
 70809 | Vaults:4 | Reached skill level 15 in Polearms
 70809 | Vaults:4 | Reached skill level 15 in Staves
 70809 | Vaults:4 | Reached skill level 15 in Slings
 70809 | Vaults:4 | Reached skill level 15 in Bows
 70809 | Vaults:4 | Reached skill level 15 in Crossbows
 70809 | Vaults:4 | Reached skill level 15 in Throwing
 70809 | Vaults:4 | Reached skill level 15 in Stealth
 70809 | Vaults:4 | Reached skill level 15 in Shields
 70809 | Vaults:4 | Reached skill level 15 in Unarmed Combat
 70809 | Vaults:4 | Reached skill level 15 in Evocations
 71597 | Vaults:5 | Entered Level 5 of the Vaults
 71597 | Vaults:5 | Noticed a golden dragon
 71701 | Vaults:4 | Killed a golden dragon
 71835 | Vaults:4 | Reached XP level 24. HP: 179/190 MP: 39/42
 71944 | Vaults:5 | Noticed an ancient lich
 72054 | Vaults:4 | Learned a level 5 spell: Alistair's Intoxication
 72316 | Vaults:4 | Killed an ancient lich
 73811 | Vaults:5 | Noticed an ancient lich
 74236 | Vaults:5 | Identified the +10 battleaxe "Lesoaleh" {freeze, +Inv MP+9}
 74691 | Vaults:4 | Killed from afar by a Brimstone Fiend

Skill      XL: |  1  2  3  4  5  6  7  8  9 10 11 12 13 14 15 16 17 18 19 20 21 22 23 24 |
---------------+-------------------------------------------------------------------------+-----
Spellcasting   | 5 6 7 8 9 10 11 12 13 14 15 16 | 16.1
Invocations    | 1 2 3 4 5 6 7 8 9 10 11 12 13 14 15 16 | 16.7
Short Blades   | 1 2 3 4 6 7 8 9 10 11 12 13 14 15 | 15.5
Axes           | 1 2 3 4 6 7 8 9 10 11 12 13 14 15 | 15.5
Maces & Flails | 1 2 3 4 6 7 8 9 10 11 12 13 14 15 | 15.5
Polearms       | 1 2 3 4 6 7 8 9 10 11 12 13 14 15 | 15.5
Staves         | 1 2 3 4 6 7 8 9 10 11 12 13 14 15 | 15.5
Slings         | 1 2 3 4 6 7 8 9 10 11 12 13 14 15 | 15.5
Bows           | 1 2 3 4 6 7 8 9 10 11 12 13 14 15 | 15.5
Crossbows      | 1 2 3 4 6 7 8 9 10 11 12 13 14 15 | 15.5
Throwing       | 1 2 3 4 6 7 8 9 10 11 12 13 14 15 | 15.5
Stealth        | 1 2 3 4 6 7 8 9 10 11 12 13 14 15 | 15.5
Shields        | 1 2 3 4 6 7 8 9 10 11 12 13 14 15 | 15.5
Unarmed Combat | 1 2 3 4 6 7 8 9 10 11 12 13 14 15 | 15.5
Evocations     | 1 2 3 4 6 7 8 9 10 11 12 13 14 15 | 15.5
Conjurations   | 1 2 3 4 5 6 7 8 9 10 11 12 13 | 13.4
Hexes          | 1 2 3 4 5 6 7 8 9 10 11 12 13 | 13.4
Summonings     | 1 2 3 4 5 6 7 8 9 10 11 12 13 | 13.4
Necromancy     | 1 2 3 4 5 6 7 8 9 10 11 12 13 | 13.4
Translocations | 1 2 3 4 5 6 7 8 9 10 11 12 13 | 13.4
Transmutations | 1 2 3 4 5 6 7 8 9 10 11 12 13 | 13.4
Fire Magic     | 1 2 3 4 5 6 7 8 9 10 11 12 13 | 13.4
Ice Magic      | 1 2 3 4 5 6 7 8 9 10 11 12 13 | 13.4
Air Magic      | 1 2 3 4 5 6 7 8 9 10 11 12 13 | 13.4
Earth Magic    | 1 2 3 4 5 6 7 8 9 10 11 12 13 | 13.4
Poison Magic   | 1 2 3 4 5 6 7 8 9 10 11 12 13 | 13.4
Armour         | 3 4 5 6 7 8 9 10 11 12 13 14 15 | 15.7
Fighting       | 5 6 7 8 9 10 11 12 13 14 15 16 | 16.0
Long Blades    | 5 6 7 8 9 10 11 12 13 14 15 16 | 16.0
Dodging        | 5 6 7 8 9 10 11 12 13 14 15 16 | 16.0
Charms         | 6 7 8 9 10 11 12 13 14 | 14.2

Action                   |  1- 3 |  4- 6 |  7- 9 | 10-12 | 13-15 | 16-18 | 19-21 | 22-24 || total
-------------------------+-------+-------+-------+-------+-------+-------+-------+-------++-------
Melee: Falchion          |   104 |   203 |   473 |   666 |   610 |  1811 |  1597 |    75 ||  5539
       Bite              |     9 |    25 |    72 |   193 |   232 |   576 |   510 |   255 ||  1872
       Punch             |       |     1 |    10 |    19 |       |    26 |    70 |       ||   126
       Hand axe          |       |       |       |       |     5 |       |       |       ||     5
       Quarterstaff      |       |       |       |       |       |    52 |       |       ||    52
       Double sword      |       |       |       |       |       |       |    18 |   848 ||   866
 Fire: Blowgun           |       |     8 |       |       |       |       |       |       ||     8
       Shortbow          |       |       |    14 |     7 |       |       |       |       ||    21
       Hand crossbow     |       |       |       |     1 |   448 |   307 |   143 |     4 ||   903
       Arbalest          |       |       |       |       |     4 |     6 |       |       ||    10
       Heavy crossbow    |       |       |       |       |       |       |   115 |       ||   115
Throw: Tomahawk          |       |       |       |       |       |    13 |       |       ||    13
       Javelin           |       |       |       |       |       |    29 |       |       ||    29
       Throwing net      |       |       |       |       |       |     2 |       |       ||     2
 Cast: Shroud of Golubri |     4 |    11 |    22 |   107 |    49 |     6 |       |       ||   199
       Song of Slaying   |     4 |       |     3 |       |       |       |       |       ||     7
       Infusion          |     1 |       |       |       |       |       |       |       ||     1
       Regeneration      |       |     4 |     8 |    54 |    36 |    25 |    32 |    35 ||   194
       Ozocubu's Armour  |       |       |       |    23 |    52 |     5 |       |       ||    80
       Summon Ice Beast  |       |       |       |    51 |   136 |    18 |       |     4 ||   209
       Airstrike         |       |       |       |     1 |     3 |     3 |    18 |     1 ||    26
       Static Discharge  |       |       |       |     1 |       |     3 |       |       ||     4
       Freezing Cloud    |       |       |       |       |     4 |     3 |       |       ||     7
       Mephitic Cloud    |       |       |       |       |       |    10 |    20 |       ||    30
       Statue Form       |       |       |       |       |       |     8 |    61 |    56 ||   125
       Deflect Missiles  |       |       |       |       |       |       |     8 |     3 ||    11
       Blink             |       |       |       |       |       |       |     1 |       ||     1
       Alistair's Intoxi |       |       |       |       |       |       |       |     1 ||     1
Invok: Bend Time         |       |       |     2 |     4 |     4 |     5 |       |     1 ||    16
       Slouch            |       |       |       |     1 |     4 |    11 |     3 |     3 ||    22
       Step From Time    |       |       |       |       |       |     1 |     7 |     3 ||    11
 Abil: Evoke Blink       |       |       |       |       |       |     4 |       |       ||     4
Evoke: Wand              |       |       |       |     8 |    18 |    36 |     8 |     4 ||    74
  Use: Scroll            |       |     7 |     7 |    17 |    15 |    26 |    18 |     3 ||    93
       Potion            |       |       |     2 |     6 |     8 |    17 |     6 |     2 ||    41
 Stab: Sleeping          |     1 |     1 |     1 |     3 |     8 |     1 |    30 |    17 ||    62
       Distracted        |       |       |     1 |     3 |    12 |    11 |    10 |     4 ||    41
       Paralysed         |       |       |       |    12 |    11 |       |       |       ||    23
       Invisible         |       |       |       |     3 |       |       |       |       ||     3
       Confused          |       |       |       |       |       |     6 |    29 |       ||    35
       Held in net/web   |       |       |       |       |       |     5 |       |       ||     5
  Eat: Chunk             |     1 |     7 |    14 |    14 |    17 |    14 |    14 |    10 ||    91
       Ration            |       |       |       |     2 |     3 |    12 |     7 |     3 ||    27
Armor: Leather armour    |    34 |    65 |    35 |       |    13 |       |       |       ||   147
       Chain mail        |       |       |   197 |   349 |       |       |       |       ||   546
       Robe              |       |       |       |   127 |   351 |    87 |    82 |     7 ||   654
       Plate armour      |       |       |       |    33 |       |   481 |       |       ||   514
       Skin              |       |       |       |     1 |       |    65 |   330 |   286 ||   682
       Ring mail         |       |       |       |       |       |    73 |       |       ||    73
       Quicksilver drago |       |       |       |       |       |       |       |     7 ||     7
Dodge: Dodged            |   114 |   153 |   275 |   658 |  1226 |  1847 |  1706 |  1304 ||  7283
       Deflected         |       |       |       |       |       |       |    43 |    23 ||    66
Block: Shield            |       |     3 |    28 |   191 |  1150 |   661 |    53 |  1458 ||  3544
       Large shield      |       |       |       |       |       |  1421 |  1537 |       ||  2958
       Reflection        |       |       |       |       |       |       |     9 |    85 ||    94
       Rpst.: Falchion   |    38 |    56 |    83 |   159 |   216 |   330 |   270 |    13 ||  1165
       Double sword      |       |       |       |       |       |       |     8 |   252 ||   260
